Vladimir el Tapir, chaotic male vampiric Barbarian | | ...| |....| |..II| |..V.| |.AAW| |..<.| |....| |... | | Vladimir el Tapir the Bandit Experience level: 8 Strength: 18/01 Dexterity: 15 Constitution: 16 Intelligence: 7 Wisdom: 9 Charisma: 9 Health: 0(91) Energy: 27(27) AC: 2 Gold: 344 Moves: 2392 Your Inventory: Coins $ - 344 gold pieces Weapons a - an uncursed +0 battle-axe (weapon in hands) D - an uncursed +0 short sword (alternate weapon; not wielded) P - an [uncursed +0 thirsty] knife [of fire] Armor x - an uncursed +0 dwarvish iron helm (being worn) y - an uncursed +0 dwarvish mithril-coat (being worn) Potions N - an [uncursed] milky potion [of paralysis] Rings M - an [uncursed +1] amber ring [of gain dexterity] Tools b - an uncursed bag [of holding] i - an uncursed [wooden] flute k - an uncursed lock pick p - an uncursed [+0] pick-axe u - an uncursed [+0] unicorn horn A - an uncursed [oil] lamp called oil (lit) (0:616) T - an uncursed blindfold Contents of the bag of holding: a cursed scroll called KO BATE [80 of remove curse] 2 uncursed scrolls called identify [of identify] 2 uncursed scrolls labeled TEMOV [of enchant weapon] an uncursed clear potion [of water] an uncursed pink potion [of levitation] 8 uncursed [tallow] candles Spells known in the end: Name Level Category Fail Memory Your skills at the end: Fighting Skills bare handed combat [Basic] Weapon Skills axe [Basic] short sword [Basic] Spellcasting Skills Final Attributes: You were piously aligned. Hunger level was 428. Your alignment was 21 / 21. Monster difficulty range was 3 - 15. Level difficulty was 23. You were immune to poison. You were immune to level-drain. You could fly. You could survive without air. You were held by a couatl. You regenerated. You were fast. Your luck was zero. You are dead. Vanquished creatures: a giant mimic a small mimic a giant beetle a black light a gnome king 4 Green-elves a lizard a dingo a white unicorn 2 yellow lights 5 gnome lords a kobold mummy an elf zombie a wax golem 2 floating eyes 10 dwarves a rabid rat a wererat 4 killer bees 3 hobbits a large kobold 2 hobgoblins 6 giant rats 40 gnomes 2 garter snakes 2 gnome zombies a jackal a fox a sewer rat 2 grid bugs 4 kobold zombies a newt 106 creatures vanquished. Voluntary challenges: You used a wielded weapon 102 times. You read items or engraved 3 times. You put on armor 12 times. You never genocided any monsters. You never polymorphed an object. You never changed form. You used no wishes. You wrote Elbereth's name 2 times. You never encountered a bones level. You never used any Sokoban shortcuts. Dungeon overview: The Dungeons of Doom: levels 1 to 23 Level 1 some fountains a long staircase Level 2 a fountain stairs to The Gnomish Mines Level 13 an altar Level 14 portal to The Quest Level 22 a general store Level 23 <- You were here The Gnomish Mines: levels 3 to 6 Level 3 stairs to The Dungeons of Doom Level 6 some shops, a temple, a magic chest, a fountain The Quest: Level 1 portal to The Dungeons of Doom History has recorded: On T:1 you entered the Dungeons of Doom to retrieve the Amulet of Yendor! On T:178 you reached level 2 of The Dungeons of Doom. On T:204 you advanced to experience level 2. On T:260 you advanced to experience level 3. On T:267 you reached level 1 of The Gnomish Mines. On T:284 you advanced to experience level 4. On T:324 you advanced to experience level 5. On T:658 you reached level 2 of The Gnomish Mines. On T:675 you advanced to experience level 6. On T:775 you reached level 3 of The Gnomish Mines. On T:917 you advanced to experience level 7. On T:1049 you reached level 4 of The Gnomish Mines. On T:1542 you reached level 3 of The Dungeons of Doom. On T:1589 you reached level 5 of The Dungeons of Doom. On T:1614 you reached level 6 of The Dungeons of Doom. On T:1672 you reached level 8 of The Dungeons of Doom. On T:1692 you reached level 9 of The Dungeons of Doom. On T:1695 you reached level 10 of The Dungeons of Doom. On T:1718 you reached level 11 of The Dungeons of Doom. On T:1743 you reached level 12 of The Dungeons of Doom. On T:1747 you advanced to experience level 8. On T:1763 you reached level 13 of The Dungeons of Doom. On T:1812 you reached level 14 of The Dungeons of Doom. On T:2079 you reached level 1 of The Quest. On T:2105 you reached level 15 of The Dungeons of Doom. On T:2124 you reached level 16 of The Dungeons of Doom. On T:2143 you reached level 17 of The Dungeons of Doom. On T:2184 you reached level 18 of The Dungeons of Doom. On T:2203 you reached level 19 of The Dungeons of Doom. On T:2222 you reached level 20 of The Dungeons of Doom. On T:2281 you reached level 22 of The Dungeons of Doom. On T:2371 you reached level 23 of The Dungeons of Doom. Latest messages: You feel much better. [3 turns] You cannot escape from the couatl! The wraith touches you! It hits! Something casts a spell at you! Your boots disintegrate! It hits! You hear a mumbled curse. You cannot escape from the couatl! The couatl bites! (2x) You are being crushed. The couatl bites! (2x) The couatl brushes against your leg. The wraith touches you! It hits! (2x) You hear a mumbled curse. You cannot escape from the couatl! The couatl bites! (2x) You are being crushed. The couatl bites! (2x) The couatl brushes against your leg. The wraith touches you! It hits! You cannot escape from the couatl! It hits! You die... Final status: Goodbye Vladimir el Tapir the Barbarian... You died in The Dungeons of Doom on dungeon level 23 with 8820 points, and 344 pieces of gold, after 2392 moves. You were level 8 with a maximum of 91 hit points when you died.